 Dungeon Crawl Stone Soup version 0.30-a0-748-ge6a52f7cba (webtiles) character file.

Game seed: 17457206157779236365

39 MachoJfn the Chopper (level 3, -3/27 HPs)
             Began as a Demonspawn Gladiator on Feb 8, 2023.
             Slain by a gnoll
             ... wielding a +0 spear
              (4 damage)
             ... on level 2 of the Dungeon.
             The game lasted 00:04:52 (976 turns).

MachoJfn the Chopper (Demonspawn Gladiator)          Turns: 976, Time: 00:04:52

Health: -3/27      AC:  8    Str: 16    XL:     3   Next: 26%
Magic:  3/3        EV:  8    Int:  9    God:
Gold:   30         SH:  4    Dex: 20    Spells: 2/2 levels left

rFire   . . .      SeeInvis .    a - +0 war axe
rCold   . . .      Faith    .    (no shield)
rNeg    . . .      Spirit   .    b - +0 chain mail
rPois   .          Reflect  .    (helmet restricted)
rElec   .          Harm     .    (no cloak)
rCorr   .          Rampage  .    (no gloves)
Will    .....                    (no boots) Stlth
                                 (no amulet)
HPRegen 0.24/turn                g - +6 ring of dexterity
MPRegen 0.08/turn                (no ring)

@: no status effects
A: antennae 1, condensation shield
a: no special abilities


You were on level 2 of the Dungeon.
You visited 1 branch of the dungeon, and saw 2 of its levels.

You collected 80 gold pieces.
You spent 50 gold pieces at shops.

Inventory:

Hand Weapons
 a - a +0 war axe (weapon)
 f - a +1 short sword of protection
 j - a +0 short sword
Missiles
 d - 3 throwing nets (quivered)
 e - 4 javelins
Armour
 b - a +0 chain mail (worn)
Jewellery
 g - a +6 ring of dexterity (left hand)
Scrolls
 h - 2 scrolls of identify {unknown}
 i - a scroll of teleportation {unknown}
Potions
 k - a potion of resistance {unknown}
 l - a potion of attraction


   Skills:
 + Level 2.2 Fighting
 + Level 3.3 Axes
 + Level 1.9 Throwing
 + Level 0.2 Armour
 + Level 3.1 Dodging


You had 2 spell levels left.
You didn't know any spells.
Your spell library contained the following spells:

 Spells                   Type           Power      Damage    Failure   Level
 Tukima's Dance           Hex            0%         N/A       100%        3
 Passage of Golubria      Tloc           0%         N/A       100%        4
 Yara's Violent Unravell  Hex/Tmut       0%         3d3       100%        5


Dungeon Overview and Level Annotations

Branches:
Dungeon (2/15)

Altars:

Shops:
D:2 !*[


Innate Abilities, Weirdness & Mutations

You have a pair of small antennae on your head.
A meltable shield of frost defends you. (SH +4)


Message History

You now have 30 gold pieces (gained 11).
A gnoll comes into view. It is wielding a +0 spear.
The gnoll shouts!
You hear a shout!
A gnoll comes into view. It is wielding a +0 spear.
The gnoll shouts!
A gnoll comes into view. It is wielding a +0 spear.
The gnoll hits you with a +0 spear. The gnoll attacks as you move away!
The gnoll hits you with a +0 spear.
The gnoll hits you from afar with a +0 spear.
The gnoll hits you but does no damage.
You closely miss the gnoll. You block the gnoll's attack.
The gnoll hits you from afar with a +0 spear. x2
You hit the gnoll but do no damage. The gnoll hits you with a +0 spear.
* * * LOW HITPOINT WARNING * * *
The gnoll barely misses you. The gnoll closely misses you.
You feel much better. The gnoll hits you with a +0 spear.
The gnoll hits you from afar with a +0 spear.
You block the gnoll's attack.
You barely miss the gnoll.
The gnoll hits you from afar with a +0 spear.
The gnoll barely misses you.
The gnoll hits you from afar with a +0 spear. x2
The gnoll barely misses you. x2
You slash the gnoll!
The gnoll is heavily wounded.
You block the gnoll's attack. The gnoll hits you but does no damage.
The gnoll hits you from afar with a +0 spear.
You completely miss the gnoll.
The gnoll is heavily wounded.
The gnoll closely misses you. You block the gnoll's attack.
The gnoll barely misses you.
You slash the gnoll!
You kill the gnoll!
The gnoll hits you from afar with a +0 spear.
* * * LOW HITPOINT WARNING * * *
The gnoll hits you from afar with a +0 spear.
* * * LOW HITPOINT WARNING * * *
The gnoll closely misses you.
The gnoll hits you from afar with a +0 spear.
You die...

### ##.## ###.#.##
#..###.# #######
#.#.#.####.#....
#......##.(..#
#......#.>.).###.#
####...........@.g..#
#......<..###g#.#####
##.###.....# #.#...
......###### #.#####
##.##.# #+# ##.##.#
##.##.# ##....#
###...####


You could see 2 gnolls.

Vanquished Creatures
  A gnoll (D:2)
  A dart slug (D:1)
  3 bats
  2 endoplasms (D:1)
  3 giant cockroaches (D:1)
  5 goblins (D:1)
  A hobgoblin (D:1)
  4 jackals (D:1)
  4 kobolds (D:1)
  A quokka (D:1)
  4 ball pythons (D:1)
  3 frilled lizards (D:1)
  2 rats (D:1)
34 creatures vanquished.

Notes
Turn   | Place    | Note
-------+----------+-------------------------------------------
     0 | D:1      | MachoJfn the Demonspawn Gladiator began the quest for the
                  | Orb.
     0 | D:1      | Reached XP level 1. HP: 16/16 MP: 1/1
   106 | D:1      | Discovered your monstrous ancestry.
   106 | D:1      | Gained mutation: You have a pair of small antennae on your
                  | head. [demonic ancestry]
   106 | D:1      | Reached XP level 2. HP: 22/22 MP: 2/2
   390 | D:1      | Gained mutation: A meltable shield of frost defends you.
                  | (SH +4) [demonic ancestry]
   390 | D:1      | Reached XP level 3. HP: 24/27 MP: 3/3
   701 | D:2      | Found Xustrauky's Distillery.
   739 | D:2      | Bought a potion of heal wounds for 50 gold pieces
   770 | D:2      | Found Zaxt's General Store.
   908 | D:2      | Found Bam Leiry's Armour Boutique.
   976 | D:2      | HP: 1/27 [gnoll/+0 spear (6)]
   976 | D:2      | Slain by a gnoll

Illustrated notes

Levels and vault maps discovered:
D:1:      dpeg_arrival_subterranean_lakeside_camping, layout_rooms
D:2:      layout_loops_corners, serial_shops, nicolae_shop_trees,
          nicolae_shop_trees, shop, solitary_fountain

Skill      XL: |  1  2 |
---------------+-------+-----
Dodging        | 3 |  3.1
Axes           | 3 |  3.3
Fighting       | |  2.2
Throwing       | |  1.9
Armour         | |  0.2

Action                     || total
---------------------------++-------
  Melee: War axe           ||    81
         Short sword       ||     6
    Use: Potion            ||     3
 Armour: Ring mail         ||     7
         Chain mail        ||    57
  Dodge: Dodged            ||    57
  Block: Other             ||    14

Table legend: (Time is in decaauts)
 A = Elapsed time spent in this place.
 B = Non-inter-level travel time spent in this place.
 C = Inter-level travel time spent in this place.
 D = Time resting spent in this place.
 E = Time spent auto-exploring this place.
 F = Levels seen in this place.
 G = Mean time per level.
                   A        B        C        D        E       F      G
               +--------+--------+--------+--------+--------+-----+--------+
         Total |    990 |    823 |    167 |     27 |    510 |   2 |  495.0 |
       Dungeon |    990 |    823 |    167 |     27 |    510 |   2 |  495.0 |
               +--------+--------+--------+--------+--------+-----+--------+

Top non-repeatable levels by time:
     D:1: 711 daAuts
     D:2: 279 daAuts
